 Dungeon Crawl Stone Soup version 0.29-a0-251-g80730f7218 (webtiles) character file.

Game seed: 14512577548169382572

564 ReploidZero the Ruffian (level 7, -7/67 HPs)
             Began as a Troll Gladiator on Mar 5, 2022.
             Mangled by a kobold brigand
             ... wielding a +0 dagger of distortion
              (20 damage)
             ... on level 4 of the Dungeon.
             The game lasted 00:04:23 (2687 turns).

ReploidZero the Ruffian (Troll Gladiator)           Turns: 2687, Time: 00:04:23

Health: -7/67      AC: 11    Str: 23    XL:     7   Next: 10%
Magic:  6/6        EV: 11    Int:  4    God:
Gold:   220        SH:  0    Dex: 13    Spells: 6/6 levels left

rFire   . . .      SeeInvis .     - Unarmed
rCold   . . .      Faith    .   (no shield)
rNeg    . . .      Spirit   .   a - +0 robe
rPois   .          Reflect  .   b - +0 hat
rElec   .          Harm     .   r - +2 cloak
rCorr   .          Rampage  .   (gloves unavailable)
Will    +....                   (boots unavailable)
Stlth   +.........              (no amulet)
HPRegen 1.01/turn               e - ring of willpower
MPRegen 0.10/turn               l - +4 ring of protection

@: attractive, flying, hasted, very quick
A: large, unfitting armour, claws 3, regeneration 1, shaggy fur 1, tough skin 1
a: no special abilities


You were on level 4 of the Dungeon.
You visited 1 branch of the dungeon, and saw 4 of its levels.

You collected 220 gold pieces.

Inventory:

Missiles
 c - 3 throwing nets (quivered)
Armour
 a - a +0 robe (worn)
 b - a +0 hat (worn)
 r - a +2 cloak (worn)
Jewellery
 e - a ring of willpower (left claw)
 k - a ring of willpower
 l - a +4 ring of protection (right claw)
 t - a ring of ice
Scrolls
 d - 2 scrolls of immolation {unknown}
 g - a scroll of fear {unknown}
 h - 3 scrolls of identify {unknown}
 o - a scroll of vulnerability {unknown}
 p - a scroll of acquirement {unknown}
 q - a scroll of blinking {unknown}
 s - a scroll of enchant armour {unknown}
 u - a scroll of teleportation {unknown}
 w - a scroll of summoning {unknown}
Potions
 i - 2 potions of flight
 j - a potion of haste
 m - a potion of mutation {unknown}
 n - a potion of heal wounds {unknown}
 v - 2 potions of curing {unknown}
 x - a potion of cancellation {unknown}
 z - a potion of brilliance {unknown}


   Skills:
 + Level 3.4 Fighting
 + Level 3.7 Throwing
 + Level 4.0 Dodging
 + Level 4.8 Unarmed Combat


You had 6 spell levels left.
You didn't know any spells.
Your spell library contained the following spells:

 Spells                   Type           Power      Damage    Failure   Level
 Corpse Rot               Necr/Air       0%         N/A       65%         2
 Poisonous Vapours        Pois/Air       0%         N/A       65%         2


Dungeon Overview and Level Annotations

Branches:
Dungeon (4/15)
 Temple: D:4-7

Altars:
Fedhas
Yredelemnul

Annotations:
D:4 sdfasdf239h's ghost, amateur MiFi


Innate Abilities, Weirdness & Mutations

You are too large for most types of armour.
You have claws for hands.
Your natural rate of healing is unusually fast.
You are covered in fur. (AC +1)
You have tough skin. (AC +1)


Message History

Sdfasdf239h's ghost is attracted toward you.
You claw the kobold!
You kill the kobold!
Sdfasdf239h's ghost screams, "I have seen your future, and it is all used up."
You barely miss the kobold brigand.
The kobold brigand is lightly wounded.
The kobold brigand hits you with a +0 dagger of distortion.
Space warps around you.
You are too injured to fight recklessly!
You are too injured to fight recklessly!
You are too injured to fight recklessly!
You are too injured to fight recklessly!
You barely miss the kobold brigand.
The kobold brigand is lightly wounded.
The kobold brigand hits you but does no damage.
Space warps horribly around you!!
* * * LOW HITPOINT WARNING * * *
You claw the kobold brigand!
The kobold brigand is severely wounded.
The kobold brigand hits you but does no damage.
It was a potion of flight.
You feel very buoyant.
You fly up into the air.
The kobold brigand misses you.
It was a potion of haste.
You feel yourself speed up.
The kobold brigand hits you with a +0 dagger of distortion.
* * * LOW HITPOINT WARNING * * *
You blink.
The kobold brigand is attracted toward you.
Sdfasdf239h's ghost is attracted toward you.
The kobold brigand is attracted toward you.
Sdfasdf239h's ghost is attracted toward you.
Sdfasdf239h's ghost is attracted toward you.
Sdfasdf239h's ghost is attracted toward you.
The kobold brigand is attracted toward you.
Sdfasdf239h's ghost is attracted toward you.
You closely miss the kobold brigand.
The kobold brigand is severely wounded.
The kobold brigand hits you but does no damage.
Space warps horribly around you!!
You die...

#..#...##§.##### #.
#.......#§### #.
#...........# ##.
#.......#§#.# ##..
#..#...##§#.# #...
#..##.###§#[# #...
#..##..W§.#.# #.##
#......K###.##### #.#
#.....@.........# #.#
#.###..####(.##.# #.#
#.# #.....#..##.# ##.##
#.# #<....#..##.###...#
#.# ##....#..##.....#..
#.###....##..##..##...#
#............##..###.##
#####....###.##........
##...........###.##


You could see a kobold brigand and sdfasdf239h's ghost.

Vanquished Creatures
  2 ogres (D:4)
  A scorpion (D:4)
  A necrophage (D:4)
  A jelly (D:4)
  An iguana (D:4)
  An orc wizard (D:3)
  Robin (D:3)
  4 gnolls (D:4)
  6 adders
  A shadow imp (D:4)
  3 dart slugs
  2 orcs (D:3)
  7 ball pythons
  3 endoplasms
  6 giant cockroaches
  15 goblins
  4 hobgoblins
  11 jackals
  9 kobolds
  2 quokkas (D:2)
  4 bats
  2 frilled lizards (D:1)
  2 rats
89 creatures vanquished.

Vanquished Creatures (others)
  3 fungi (D:4)
3 creatures vanquished.

Grand Total: 92 creatures vanquished

Notes
Turn   | Place    | Note
-------+----------+-------------------------------------------
     0 | D:1      | ReploidZero the Troll Gladiator began the quest for the
                  | Orb.
     0 | D:1      | Reached XP level 1. HP: 19/19 MP: 0/0
   121 | D:1      | Reached XP level 2. HP: 28/28 MP: 1/1
   464 | D:1      | Reached XP level 3. HP: 33/35 MP: 2/2
   850 | D:2      | Found a blossoming altar of Fedhas.
   931 | D:2      | Reached XP level 4. HP: 34/42 MP: 3/3
   957 | D:2      | Found a faded altar of an unknown god.
  1431 | D:3      | Found a basalt altar of Yredelemnul.
  1745 | D:3      | Noticed Robin
  1763 | D:3      | Reached XP level 5. HP: 50/50 MP: 4/4
  1781 | D:3      | Killed Robin
  1968 | D:4      | Noticed an ogre
  1974 | D:4      | Killed an ogre
  1975 | D:4      | Reached XP level 6. HP: 54/61 MP: 5/5
  2352 | D:4      | Reached XP level 7. HP: 67/67 MP: 6/6
  2366 | D:4      | Found a runed translucent gate.
  2367 | D:4      | Found a runed translucent gate.
  2367 | D:4      | Noticed sdfasdf239h's ghost (amateur MiFi)
  2368 | D:4      | Found a runed translucent gate.
  2687 | D:4      | Mangled by a kobold brigand

Illustrated notes

Levels and vault maps discovered:
D:1:      minmay_arrival_checkered_box, layout_loops_ring,
          chequers_serial_rivers_small_b
D:2:      layout_rooms, basic_altar, basic_ecumenical_altar
D:3:      layout_loops_ring, yredelemnul_altar_generic, uniq_robin
D:4:      layout_loops_ring, gammafunk_ghost_nasty_kobolds

Skill      XL: |  1  2  3  4  5  6  7 |
---------------+----------------------+-----
Throwing       | 2 3 |  3.7
Fighting       | 2 3 |  3.4
Dodging        | 3 4 |  4.0
Unarmed Combat | 4 |  4.8

Action                   |  1- 3 |  4- 6 |  7- 9 || total
-------------------------+-------+-------+-------++-------
Melee: Unarmed           |    93 |   113 |    40 ||   246
       Punch             |       |     3 |       ||     3
  Use: Potion            |       |       |     3 ||     3
 Stab: Sleeping          |     1 |     1 |       ||     2
Armor: Robe              |    39 |    50 |    18 ||   107
Dodge: Dodged            |    38 |    56 |    12 ||   106

Table legend: (Time is in decaauts)
 A = Elapsed time spent in this place.
 B = Non-inter-level travel time spent in this place.
 C = Inter-level travel time spent in this place.
 D = Time resting spent in this place.
 E = Time spent auto-exploring this place.
 F = Levels seen in this place.
 G = Mean time per level.
                   A        B        C        D        E       F      G
               +--------+--------+--------+--------+--------+-----+--------+
         Total |   2667 |   2467 |    200 |      0 |   1910 |   4 |  666.8 |
       Dungeon |   2667 |   2467 |    200 |      0 |   1910 |   4 |  666.8 |
               +--------+--------+--------+--------+--------+-----+--------+

Top non-repeatable levels by time:
     D:1: 821 daAuts
     D:4: 771 daAuts
     D:3: 664 daAuts
     D:2: 410 daAuts
